 Dungeon Crawl Stone Soup version 0.17-a0-989-gada8a91 (webtiles) character file.

53 Jine the Firebug (level 3, -8/21 HPs)
             Began as a High Elf Fire Elementalist on May 12, 2015.
             Mangled by a gnoll
             ... wielding a +0 halberd
              (13 damage)
             ... on level 1 of the Dungeon.
             The game lasted 00:07:08 (1736 turns).

Jine the Firebug (High Elf Fire Elementalist)       Turns: 1736, Time: 00:07:08

Health: -8/21      AC:  2    Str:  7    XL:     3   Next: 62%
Magic:  14/17      EV: 13    Int: 20    God:
Gold:   133        SH:  0    Dex: 15    Spells: 1 memorised, 7 levels left

rFire  . . .     SeeInvis .     (no weapon)
rCold  . . .     Clarity  .     a - +0 robe
rNeg   . . .     SustAb   .     (no shield)
rPois  .         Gourm    .     (no helmet)
rElec  .         Spirit   .     (no cloak)
rCorr  .         Warding  .     (no gloves)
rMut   +         Stasis   .     (no boots)
MR     .....                    e - amulet of resist mutation
Stlth  ++........               (no ring)
                                l - ring of magical power

@: not resistant to hostile enchantments, unstealthy
A: no striking features
a: no special abilities


You were on level 1 of the Dungeon.
You were not hungry.

You visited 1 branch of the dungeon, and saw 2 of its levels.

You collected 133 gold pieces.

Inventory:

Armour
 a - a +0 robe (worn)
Jewellery
 e - an amulet of resist mutation (around neck)
 l - a ring of magical power (left hand)
Scrolls
 g - a scroll of magic mapping {unknown}
 h - a scroll of random uselessness {unknown}
 j - a scroll of amnesia {unknown}
 k - 2 scrolls of enchant weapon {unknown}
Potions
 d - a potion of heal wounds {unknown}
 f - a potion of magic {unknown}
 i - a potion of resistance {unknown}
Books
 b - a book of Flames

   Spells                             Type                      Level
   a - Flame Tongue                   Conjuration/Fire             1
   b - Throw Flame                    Conjuration/Fire             2
   c - Conjure Flame                  Conjuration/Fire             3
   d - Inner Flame                    Hexes/Fire                   3
   e - Sticky Flame                   Conjuration/Fire             4
   f - Fireball                       Conjuration/Fire             5
Comestibles
 m - a royal jelly


   Skills:
 + Level 2.7 Dodging
 + Level 2.3 Stealth
 + Level 3.1 Spellcasting
 + Level 2.1 Conjurations
 + Level 3.4 Fire Magic


You had 7 spell levels left.
You knew the following spells:

 Your Spells              Type           Power        Failure   Level  Hunger
a - Flame Tongue          Conj/Fire      ##...        4%          1    None


Dungeon Overview and Level Annotations

Branches:
Dungeon (2/15)

Altars:


Message History

The flame tongue hits the giant newt.
You kill the giant newt!
Casting: Flame Tongue
Confirm with . or Enter, or press ? or * to list all spells.
Aiming: Flame Tongue
Press: ? - help, Shift-Dir - straight line, f - gnoll
Aim: a gnoll, wielding a halberd The flame tongue hits the gnoll.
The gnoll is moderately wounded.
The gnoll barely misses you.
Casting: Flame Tongue
Confirm with . or Enter, or press ? or * to list all spells.
Aiming: Flame Tongue
Press: ? - help, Shift-Dir - straight line, f/p - gnoll
Aim: a gnoll, wielding a halberd (moderately wounded)
The flame tongue hits the gnoll.
The gnoll is severely wounded.
The gnoll hits you from afar with a halberd!
Ouch! That really hurt!
You die...

#### ##.###.##...........#
...# #.# #....###########
...# #.# ###............#
.<.# #.# ##.....#######.#
...# #.###..###.#....#..#
...# ##.##(.## #........##
#######.....## ###....###
...#.##..#### ##.g....#
...#.[......####@†#.>..####
...#.######......##.......#
..≈#.########.....##..#.#.##
..≈####.....#.....##.......#
..≈# ##.###.#.....##..#.#..#
..≈###..###.#.....###......#
...#......#.#######
#####.)##
...#......#.......# #....#
...#......#######.# #....###


You could see a gnoll.

Vanquished Creatures
  2 gnolls (D:1)
  4 giant geckos (D:1)
  3 bats (D:1)
  A giant cockroach (D:1)
  5 hobgoblins (D:1)
  5 jackals (D:1)
  2 giant newts (D:1)
  3 goblins (D:1)
  2 kobolds (D:1)
  A rat (D:1)
28 creatures vanquished.

Notes
Turn   | Place    | Note
--------------------------------------------------------------
     0 | D:1      | Jine the High Elf Fire Elementalist began the quest for the Orb.
     0 | D:1      | Reached XP level 1. HP: 11/11 MP: 4/4
   378 | D:1      | Reached XP level 2. HP: 15/17 MP: 0/6
   591 | D:1      | Reached XP level 3. HP: 19/21 MP: 4/8
  1434 | D:1      | HP: 1/21 [gnoll (2)]
  1736 | D:1      | Mangled by a gnoll

Vault maps used:
D:1:      scummos_arrival_gate, serial_co_window_serial, co_window_corner_a,
          co_window_corner_a, co_window_paths_b, co_window_paths_b,
          co_window_paths_a, co_window_corner_a, co_window_2corner,
          co_window_unsneaky_path_c, co_window_of_opportunity_b,
          co_window_corner_b, co_window_broadway_b, co_window_2corner,
          glass_columns_a
D:2:      overflow_temple_1_default, first_bread, yredelemnul_altar_generic

Action                   || total
-------------------------++-------
Melee: Unarmed           ||     7
 Cast: Flame Tongue      ||    63
  Eat: Bread ration      ||     1
